 Dungeon Crawl Stone Soup version bcrawl-1.19.2-6-g6a88ae04c9 (webtiles) character file.

Game seed: 6783085757296401750

1096 Mrkan the Covered (level 8, -5/51 HPs)
             Began as a Gargoyle Fighter on Jan 11, 2020.
             Was a Follower of Ashenzari.
             Slain by a killer bee (6 damage)
             ... on level 6 of the Dungeon.
             The game lasted 00:08:24 (5764 turns).

Mrkan the Covered (Gargoyle Fighter)                Turns: 5764, Time: 00:08:25

Health: -5/51      AC: 17    Str: 20    XL:     8   Next: 31%
Magic:  8/8        EV:  6    Int: 13    God:    Ashenzari [*.....]
Gold:   310        SH: 10    Dex: 10    Spells: 7/7 levels left

rFire    . . .     SeeInvis .   a - +0 flail
rCold    . . .     Gourm    .   c - +0 shield (curse)
rNeg     + . .     Faith    .   w - +0 chain mail
rPois    ∞         Spirit   .   (no helmet)
rElec    +         Reflect  .   (no cloak)
rCorr    .         Harm     .   q - +0 pair of gloves
MR       .....                  (no boots)
Stlth    ..........             (no amulet)
HPRegen  0.17/turn              t - +3 ring of intelligence
MPRegen  0.11/turn              (no ring)

@: marked
A: negative energy resistance 1, electricity resistance, unbreathing,
petrification resistance, rot immunity, AC +5
a: Curse Item, Scrying, Renounce Religion


You were on level 6 of the Dungeon.
You worshipped Ashenzari.
Ashenzari was aware of your devotion.
You were not hungry.

You visited 1 branch of the dungeon, and saw 6 of its levels.

You collected 368 gold pieces.
You spent 58 gold pieces at shops.

Inventory:

Hand Weapons
 a - a +0 flail (weapon)
Armour
 b - a +0 scale mail
 c - a cursed +0 shield (worn)
 q - a +0 pair of gloves (worn)
 w - a +0 chain mail (worn)
Jewellery
 t - a +3 ring of intelligence (left hand)
Wands
 d - a wand of polymorph (26)
 o - a wand of paralysis (10)
Scrolls
 e - 5 scrolls of remove curse {unknown}
 g - 4 scrolls of teleportation {unknown}
 h - 3 scrolls of identify {unknown}
 i - a scroll of noise {unknown}
 u - a scroll of amnesia {unknown}
Potions
 j - a potion of heal wounds {unknown}
 k - a potion of flight {unknown}
 l - a potion of agility {unknown}
 m - 2 potions of curing {unknown}
 n - a potion of ambrosia {unknown}
 p - a potion of berserk rage {unknown}
 r - a potion of degeneration {unknown}
 s - 2 potions of lignification {unknown}
 v - a potion of brilliance {unknown}
Comestibles
 f - 7 rations {!d}


   Skills:
 + Level 6.0 Fighting
 * Level 5.4 Maces & Flails
 + Level 6.0 Armour
 + Level 6.0 Shields


You had 7 spell levels left.
You didn't know any spells.
Your spell library contained the following spells:

 Spells                   Type           Power        Failure   Level  Hunger
 Flame Tongue             Conj/Fire      #....        100%        1    ##.....
 Flaming Arrows           Chrm/Fire      #.......     100%        2    ###....
 Conjure Flame            Conj/Fire      #.......     100%        3    ####...
 Inner Flame              Hex/Fire       N/A          100%        3    ####...
 Sticky Flame             Conj/Fire      #.......     100%        4    #####..
 Fireball                 Conj/Fire      #.........   100%        5    ######.


Dungeon Overview and Level Annotations

Branches:
Dungeon (6/12)
 Temple: D:4-7

Altars:
Ashenzari
Fedhas
Xom

Shops:
D:4 [


Innate Abilities, Weirdness & Mutations

You are resistant to torment.
Your stone body is resilient. (AC +5)
You are immune to poison.
You resist negative energy. (rN+)
You are resistant to electric shocks. (rElec)
You can survive without breathing.
You are immune to petrification.
You are immune to rotting.


Message History

You sock the killer bee!
You kill the killer bee!
You block the killer bee's attack. The killer bee stings you.
* * * LOW HITPOINT WARNING * * *
The killer bee stings you but does no damage.
The killer bee barely misses you. The killer bee stings you.
* * * LOW HITPOINT WARNING * * *
A phantom comes into view.
The killer bee stings you.
* * * LOW HITPOINT WARNING * * *
You block the killer bee's attack. The killer bee barely misses you.
The killer bee stings you but does no damage.
You miss the killer bee. The killer bee stings you.
* * * LOW HITPOINT WARNING * * *
The killer bee stings you but does no damage.
You block the killer bee's attack. The killer bee stings you.
* * * LOW HITPOINT WARNING * * *
The bullfrog hits you but does no damage.
The orc barely misses you. The killer bee stings you.
You die...

!# .### . ..# ## .. #.##
.### ....
...######..##)..# #......
.#......yo....#.##.......
........@yy..# ..#.......
^......Fyy...###.#.......
...............#.#.......
#........##..............
.........##.###..........
#........##.# ###........
.W.......##.# ##..†....
.........##.# #.......
.........##.. #......<


You could see a phantom, a bullfrog, 5 killer bees and an orc.

Vanquished Creatures
  A phantom (D:4)
  3 ogres
  A centaur (D:5)
  2 scorpions
  A killer bee (D:6)
  2 crimson imps
  A bullfrog zombie (D:5)
  A hound (D:3)
  A bullfrog skeleton (D:5)
  An orc priest (D:4)
  An orc wizard (D:5)
  An iguana (D:6)
  Ijyb (D:2)
  3 worker ants
  A hound skeleton (D:5)
  5 adders
  An ooze (D:1)
  3 worms
  2 dart slugs (D:2)
  4 leopard geckos
  9 orcs
  4 ball pythons
  5 giant cockroaches
  14 goblins
  11 hobgoblins
  11 jackals
  4 quokkas
  5 bats
  3 frilled lizards (D:2)
  6 kobolds
  A quokka skeleton (D:5)
  7 rats
116 creatures vanquished.

Notes
Turn   | Place    | Note
-------+----------+-------------------------------------------
     0 | D:1      | Mrkan the Gargoyle Fighter began the quest for the Orb.
     0 | D:1      | Reached XP level 1. HP: 14/14 MP: 1/1
    25 | D:1      | Reached XP level 2. HP: 15/19 MP: 2/2
   335 | D:1      | Reached XP level 3. HP: 21/24 MP: 3/3
   413 | D:2      | Noticed Ijyb
   434 | D:2      | HP: 1/24 [goblin (2)]
   440 | D:2      | Killed Ijyb
   448 | D:2      | Reached XP level 4. HP: 2/29 MP: 4/4
  1152 | D:2      | Found a shimmering altar of Xom.
  1826 | D:3      | Reached XP level 5. HP: 32/33 MP: 5/5
  2412 | D:3      | Found a shattered altar of Ashenzari.
  2459 | D:3      | Became a worshipper of Ashenzari the Shackled
  2796 | D:4      | Noticed an ogre
  2808 | D:4      | Killed an ogre
  2808 | D:4      | Reached XP level 6. HP: 5/39 MP: 6/6
  3124 | D:4      | Found Dudy's Armour Shop.
  3131 | D:4      | Bought a +0 pair of gloves for 58 gold pieces
  3346 | D:4      | Reached skill level 5 in Fighting
  3346 | D:4      | Reached skill level 5 in Armour
  3346 | D:4      | Reached skill level 5 in Shields
  3431 | D:4      | Reached XP level 7. HP: 34/44 MP: 7/7
  3482 | D:4      | Found a glowing drain.
  4169 | D:5      | Entered Level 5 of the Dungeon
  4169 | D:5      | Found a blossoming altar of Fedhas.
  4657 | D:5      | Reached * piety under Ashenzari
  4755 | D:5      | Reached XP level 8. HP: 19/51 MP: 8/8
  4782 | D:5      | Reached skill level 5 in Maces & Flails
  5764 | D:6      | HP: 2/51 [killer bee (6)]
  5764 | D:6      | Slain by a killer bee

Skill      XL: |  1  2  3  4  5  6  7  8 |
---------------+-------------------------+-----
Fighting       | 4 5 6 |  6.0
Armour         | 4 5 6 |  6.0
Shields        | 4 5 6 |  6.0
Maces & Flails | 3 4 5 |  5.4

Action                   |  1- 3 |  4- 6 |  7- 9 || total
-------------------------+-------+-------+-------++-------
Melee: Flail             |    54 |   355 |   188 ||   597
       Unarmed           |    22 |     4 |       ||    26
Invok: Curse Item        |       |     1 |       ||     1
  Use: Potion            |     1 |       |       ||     1
  Eat: Chunk             |       |     9 |     2 ||    11
       Ration            |       |       |     2 ||     2
Armor: Scale mail        |    38 |   169 |    91 ||   298
       Skin              |     5 |     1 |       ||     6
       Chain mail        |       |       |    39 ||    39
Dodge: Dodged            |    37 |   108 |    72 ||   217
Block: Shield            |    32 |   202 |   140 ||   374
